 Dungeon Crawl Stone Soup version 0.31-a0-196-g86fe4a5e66 (webtiles) character file.

Game seed: 16367946382219119980

97 qw the Shooter (level 4, -2/25 HPs)
             Began as a Deep Elf Hunter on June 24, 2023.
             Slain by an orc
             ... wielding a +0 mace
              (3 damage)
             ... on level 3 of the Dungeon.
             The game lasted 00:00:40 (1334 turns).

qw the Shooter (Deep Elf Hunter)                    Turns: 1334, Time: 00:00:40

Health: -2/25      AC: 10    Str: 10    XL:     4   Next: 42%
Magic:  6/6        EV: 16    Int: 14    God:
Gold:   110        SH:  0    Dex: 18    Spells: 3/3 levels left

rFire   . . .        Y - +0 shortbow
rCold   . . .        (shield currently unavailable)
rNeg    . . .        h - +0 ring mail
rPois   .            (no helmet)
rElec   .            d - +0 cloak
rCorr   .            (no gloves)
SInv    .            (no boots)
Will    .....        (no amulet)
Stlth   +            e - +4 ring of protection
HPRegen 0.24/turn    a - +5 ring of evasion
MPRegen 0.10/turn

%: no passive effects
@: about to teleport
A: no striking features
a: no special abilities


You were on level 3 of the Dungeon.
You visited 1 branch of the dungeon, and saw 3 of its levels.

You collected 134 gold pieces.
You spent 24 gold pieces at shops.


   Skills:
 - Level 1.5 Fighting
 + Level 7.8 Ranged Weapons
 - Level 2.4 Dodging
 - Level 1.2 Stealth


You had 3 spell levels left.
You didn't know any spells.
Your spell library was empty.

Inventory:

Hand Weapons
 Y - a +0 shortbow (weapon)
Armour
 d - a +0 cloak (worn)
 h - a +0 ring mail (worn)
Jewellery
 a - a +5 ring of evasion (right hand)
 e - a +4 ring of protection (left hand)
Scrolls
 g - a scroll of identify
Potions
 c - a potion of curing
 i - a potion of resistance

Dungeon Overview and Level Annotations

Branches:
Dungeon (3/15)

Altars:

Shops:
D:1 ?


Message History

The orc closely misses you.
You shoot an arrow. The arrow hits the orc.
You kill the orc!
The orc priest casts a cantrip, but nothing happens.
You shoot an arrow. The arrow closely misses the orc.
The orc misses you.
You shoot an arrow. The arrow hits the orc.
The orc is almost dead.
The orc barely misses you. The orc hits you with a +0 mace.
You shoot an arrow. The arrow barely misses the orc.
The orc completely misses you. The orc barely misses you.
You shoot an arrow. The arrow completely misses the orc.
The orc closely misses you. The orc completely misses you.
The orc closely misses you. The orc hits you with a +0 mace.
The orc priest miscasts a cantrip.
You shoot an arrow. The arrow hits the orc.
You kill the orc!
The orc completely misses you.
The orc priest casts a cantrip, but nothing happens.
You shoot an arrow. The arrow barely misses the orc priest.
The orc barely misses you.
The orc priest mumbles some strange prayers to Beogh against you.
You barely resist. You shoot an arrow. The arrow hits the orc priest.
The orc priest is lightly wounded.
The orc hits you but does no damage. The orc priest barely misses you.
You shoot an arrow. The arrow hits the orc priest.
The orc priest is moderately wounded.
The orc misses you.
The orc priest invokes the aid of Beogh against you.
Beogh smites you!
Ouch! That really hurt!
1333 ||| READING scroll of teleportation.
As you read the scroll of teleportation, it crumbles to dust.
You feel strangely unstable. The orc closely misses you.
The orc priest begins to cast a cantrip, but forgets the words!
You shoot an arrow. The arrow barely misses the orc priest.
The orc priest barely misses you. The orc hits you with a +0 mace.
You die...

... .# ...
.### ).
..... ..
#...
.###... #
....#
#$##oo.#
#..)@###
.....##<..#
### ###.#
... .#.# ##
#


You could see an orc priest and an orc.

Vanquished Creatures
  Jessica (D:2)
  An orc wizard (D:3)
  6 orcs (D:3)
  3 endoplasms (D:1)
  A giant cockroach (D:2)
  4 kobolds
  7 quokkas
  8 ball pythons
  A bat (D:1)
  A frilled lizard (D:1)
  3 goblins
  4 rats
40 creatures vanquished.

Notes
Turn   | Place    | Note
-------+----------+-------------------------------------------
     0 | D:1      | qw the Deep Elf Hunter began the quest for the Orb.
     0 | D:1      | Reached XP level 1. HP: 12/12 MP: 3/3
     0 | D:1      | 0 ||| qw: Version: 0.3-a-9-g12657ce
     0 | D:1      | 0 ||| qw: Game counter: 4764
     0 | D:1      | 0 ||| qw: Always use a shield: true
     0 | D:1      | 0 ||| qw: God list: Okawaru
     0 | D:1      | 0 ||| qw: Allow faded altars: false
     0 | D:1      | 0 ||| qw: Do Orc after D:15 true
     0 | D:1      | 0 ||| qw: Do second Lair branch before Depths: true
     0 | D:1      | 0 ||| qw: Lair rune preference: random
     0 | D:1      | 0 ||| qw: Plans: Normal
     0 | D:1      | 0 ||| PLANNING D:1-11
    89 | D:1      | Found Vaolus's Magic Scroll Emporium.
   103 | D:1      | Reached XP level 2. HP: 16/16 MP: 4/4
   111 | D:1      | 111 ||| SHOPLISTING scroll of enchant weapon (90 gold, have
                  | 41).
   111 | D:1      | 111 ||| BUYING scroll of identify (24 gold).
   111 | D:1      | Bought a scroll of identify for 24 gold pieces
   111 | D:1      | 111 ||| SHOPLISTING scroll of teleportation (36 gold, have
                  | 17).
   131 | D:1      | Reached skill level 6 in Ranged Weapons
   323 | D:1      | Found a faded altar of an unknown god.
   374 | D:1      | You fall into a shaft and drop 1 floor!
   377 | D:2      | 377 ||| UPGRADING to +0 ring mail.
   387 | D:2      | 387 ||| DROPPING +0 leather armour.
   388 | D:2      | 388 ||| UPGRADING to +4 ring of protection.
   389 | D:2      | 389 ||| DRINKING 2 sedimented dark potions.
   419 | D:2      | 419 ||| READING 2 scrolls of identify.
   419 | D:2      | 419 ||| IDENTIFYING silvery potion
   420 | D:2      | 420 ||| DROPPING scroll of butterflies.
   421 | D:2      | 421 ||| DROPPING potion of degeneration.
   422 | D:2      | 422 ||| DROPPING potion of lignification.
   544 | D:1      | 544 ||| READING scroll labelled DEPESHUAROCK.
   792 | D:2      | Noticed Jessica
   797 | D:2      | Killed Jessica
   798 | D:2      | Reached skill level 7 in Ranged Weapons
   798 | D:2      | Reached XP level 3. HP: 20/20 MP: 5/5
  1218 | D:2      | 1218 ||| UPGRADING to +0 cloak.
  1223 | D:2      | 1223 ||| UPGRADING to +5 ring of evasion.
  1224 | D:2      | 1224 ||| READING 3 scrolls labelled FOS NOBEKOL.
  1225 | D:2      | 1225 ||| READING scroll labelled MATESHR YZXYTU.
  1226 | D:2      | 1226 ||| DRINKING 2 inky potions.
  1227 | D:2      | 1227 ||| READING 3 scrolls of identify.
  1227 | D:2      | 1227 ||| IDENTIFYING murky coppery potion
  1228 | D:2      | 1228 ||| READING 2 scrolls of identify.
  1228 | D:2      | 1228 ||| IDENTIFYING glowing cyan potion
  1229 | D:2      | 1229 ||| DROPPING potion of invisibility.
  1230 | D:2      | 1230 ||| DROPPING 2 scrolls of poison.
  1232 | D:2      | 1232 ||| Stepping ~*~*~tactically~*~*~ (cloud).
  1309 | D:3      | Reached XP level 4. HP: 15/25 MP: 6/6
  1332 | D:3      | HP: 1/25 [orc priest/divine providence (14)]
  1333 | D:3      | 1333 ||| READING scroll of teleportation.
  1334 | D:3      | Slain by an orc

Levels and vault maps discovered:
D:1:      dpeg_arrival_more_subterranean_lakeside_camping, layout_rooms,
          serial_shops, shop, shapermc_ecumenical_altar_pompeii, minivault_27
D:2:      layout_loops_ring, uniq_jessica
D:3:      layout_loops_ring, slow_altar_2

Skill      XL: |  1  2 |
---------------+-------+-----
Ranged Weapons | 7 |  7.8
Fighting       | |  1.5
Dodging        | |  2.4
Stealth        | |  1.2

Action                     |  1- 3 |  4- 6 || total
---------------------------+-------+-------++-------
   Fire: Shortbow          |   106 |    25 ||   131
    Use: Scroll            |     6 |     1 ||     7
         Potion            |     2 |       ||     2
 Armour: Leather armour    |     4 |       ||     4
         Ring mail         |     3 |     5 ||     8
  Dodge: Dodged            |    31 |    29 ||    60

Table legend:
 A = Non-vault XP
 B = Vault XP
 C = Vault XP percentage of total XP
 D = Non-vault monster count
 E = Vault monster count
 F = Vault count percentage of total count
                 A         B        C        D         E       F
            +---------+---------+-------+---------+---------+-------
      Total |     102 |      37 |  26.6 |      39 |       1 |   2.5
            +---------+---------+-------+---------+---------+-------
        D:1 |      33 |       0 |   0.0 |      21 |       0 |   0.0
        D:2 |      15 |      37 |  71.2 |       9 |       1 |  10.0
        D:3 |      54 |       0 |   0.0 |       9 |       0 |   0.0
            +---------+---------+-------+---------+---------+-------
